AoeStats
← Changowar

Arabia

510140322Analyzed
1v1 RM · 4d ago on Sep 29, 2026· 31m 56s· 2 players
Game mode
Random Map
Map size
Tiny (2 player)
Population
200
Speed
Normal
Resources
Standard
Victory
Conquest
Starting age
Dark Age
Ending age
Imperial Age
RankedLock teamsTeams togetherTeam positionsShared explorationLock speedFull tech treeHidden civsTurbo modeCheats
Victory
Defeat
🇺🇸 Franks · United States
847
+18
🇨🇴 Khmer · Colombia
882
-18
AlliterationAlan
10:40 Feudal Age
11:31 Double-Bit Axe
11:46 Loom
16:16 Castle Age
16:53 Scale Barding Armor
16:58 Forging
21:13 Bow Saw
22:32 Pikeman
23:12 Squires
22:58 Gambesons
23:39 Husbandry
Changowar
13:16 Feudal Age
16:37 Castle Age
14:45 Horse Collar
14:53 Double-Bit Axe
15:01 Gold Mining
19:34 Wheelbarrow
20:50 Town Watch
20:57 Loom
23:45 Light Cavalry
25:54 Hand Cart
26:52 Bloodlines
26:39 Stone Mining
29:09 Town Patrol
Connection lost

Rejoining the realm…

Still unreachable

The connection could not be restored.

Session expired

The server has moved on; the page needs a fresh start.